 Dungeon Crawl Stone Soup version 0.28.0-53-g5a82cb258f (webtiles) character file.

Game seed: 3683931463498955470

583843 Brotato the Sorcerer (level 27, -18/215 HPs)
             Began as a Djinni Conjurer on June 20, 2022.
             Was an Initiate of Gozag.
             Demolished by a death scarab (19 damage)
             ... summoned by a royal mummy
             ... on level 2 of the Tomb of the Ancients on June 21, 2022.
             The game lasted 08:07:55 (74019 turns).

Brotato the Sorcerer (Djinni Conjurer)             Turns: 74019, Time: 08:07:56

Health: -18/215    AC: 21    Str: 17    XL:     27
Gold:   15154      EV: 20    Int: 54    God:    Gozag SH: 12 Dex: 16

rFire   + + +      SeeInvis +   N - +9 staff of Olgreb {rPois∞}
rCold   . . .      Faith    .   G - +0 buckler of Plog {rElec rF- Str+9 Dex-2}
rNeg    . . .      Spirit   .   D - +3 scale mail of Ofrel {Will+ Int+8}
rPois   ∞          Reflect  +   T - +5 hat of Watchfulness {Int+4 Dex-3 SInv Stlth+}
rElec   +          Harm     .   x - scarf {rC+ rF+}
rCorr   .          Rampage  +   J - +2 pair of gloves {Str+3}
Will    +++..                   (boots unavailable)
Stlth   ++........              H - amulet "Coilan" {Reflect Rampage Regen+ Str-3 Dex+7 SH+5}
HPRegen 1.25/turn               L - ring "Fafroz" {rF+ Str+2 Int+6}
MPRegen 0.00/turn               g - ring of Dishonesty {Wiz Int+4}

@: forested, calling dragons, gold aura, flying, slowed, studying Slings, very
slow
A: sickness immunity, fire resistance 2, cold vulnerability 1, float, innate
caster, HP casting, extra vitality 1
}: 3/15 runes: decaying, silver, gossamer
a: Renounce Religion, Evoke the Staff of Olgreb, Potion Petition, Call Merchant,
Bribe Branch


You were on level 2 of the Tomb of the Ancients.
You worshipped Gozag.
Gozag was extremely pleased with you.
You visited 11 branches of the dungeon, and saw 49 of its levels.
You visited 1 bazaar.

You collected 27904 gold pieces.
You spent 9601 gold pieces at shops.
You paid 3149 gold pieces to Gozag.

Inventory:

Hand Weapons
 N - the +9 staff of Olgreb (weapon) {rPois∞}
   (You bought it in a shop on level 5 of the Lair of Beasts)

   If the wielder is skilled in Evocations, they can envenom those struck by it,
   dealing poison damage which bypasses armour.
   It enhances your poison magic.
   It grants immunity to poison.
   It can be activated via the 'a'bility menu to radiate toxic energy, with
   effectiveness depending on Evocations skill.
Missiles
 f - 7 silver javelins
 y - 2 throwing nets
Armour
 u - +0 pearl dragon scales
 x - a scarf of resistance (worn)
 D - the +3 scale mail of Ofrel (worn) {Will+ Int+8}
   (You found it on level 1 of the Elven Halls)

   Int:       It affects your intelligence (+8).
   Will:      It increases your willpower.
 G - the +0 buckler of Plog (worn) {rElec rF- Str+9 Dex-2}
   (You found it on level 1 of the Elven Halls)

   Str:       It affects your strength (+9).
   Dex:       It affects your dexterity (-2).
   rF:        It makes you vulnerable to fire.
   rElec:     It insulates you from electricity.
 J - a +2 pair of gloves of strength (worn)
 T - the +5 hat of Watchfulness (worn) {Int+4 Dex-3 SInv Stlth+}
   (You found it on level 1 of the Depths)

   Int:       It affects your intelligence (+4).
   Dex:       It affects your dexterity (-3).
   SInv:      It lets you see invisible.
   Stlth:     It makes you more stealthy.
 Y - the +2 hat "Turob" {rN+}
   (You found it on level 1 of the Depths)

   rN:        It protects you from negative energy.
 Z - the +1 scale mail of Timoeneg {rC+ Regen+}
   (You found it on level 2 of the Swamp)

   rC:        It protects you from cold.
   Regen:     It increases your rate of health regeneration.
Jewellery
 g - the ring of Dishonesty (right hand) {Wiz Int+4}
   (You bought it in a shop on level 3 of the Lair of Beasts)

   [ring of wizardry]

   It improves your spell success rate.
   Int:       It affects your intelligence (+4).
 n - a ring of willpower
 o - a ring of resist corrosion
 p - a ring of wizardry
 A - an amulet of the acrobat
 H - the amulet "Coilan" (around neck) {Reflect Rampage Regen+ Str-3 Dex+7 SH+5}
   (You bought it in a shop on level 3 of the Lair of Beasts)

   [amulet of reflection]

   It reflects blocked missile attacks.
   Str:       It affects your strength (-3).
   Dex:       It affects your dexterity (+7).
   Regen:     It increases your rate of health regeneration.
   SH:        It affects your SH (+5).
   Rampage:   It bestows one free step when moving towards enemies.
 I - a ring of protection from fire
 L - the ring "Fafroz" (left hand) {rF+ Str+2 Int+6}
   (You found it on level 3 of the Depths)

   [ring of intelligence]

   Str:       It affects your strength (+2).
   Int:       It affects your intelligence (+6).
   rF:        It protects you from fire.
 Q - a ring of protection from cold
 S - a ring of protection from cold
Wands
 d - a wand of acid (9)
 m - a wand of flame (156)
 q - a wand of iceblast (59)
 B - a wand of digging (33)
 E - a wand of paralysis (15)
 V - a wand of charming (25)
 W - a wand of mindburst (22)
Scrolls
 a - 6 scrolls of fear
 e - 28 scrolls of teleportation
 j - 5 scrolls of enchant armour
 k - 18 scrolls of enchant weapon
 s - 7 scrolls of magic mapping
 z - 5 scrolls of blinking
 M - 4 scrolls of fog
 O - 4 scrolls of silence
 R - 5 scrolls of brand weapon
 U - 23 scrolls of identify
 X - a scroll of holy word {unknown}
Potions
 b - 11 potions of ambrosia
 c - 24 potions of curing
 h - 6 potions of berserk rage
 i - 5 potions of heal wounds
 l - a potion of brilliance
 r - 8 potions of mutation
 v - 9 potions of cancellation
 w - 8 potions of might
 K - a potion of invisibility
 P - 3 potions of haste
Miscellaneous
 t - a condenser vane (inert)
 C - a phantom mirror
 F - a box of beasts


   Skills:
 + Level 23.2 Fighting
 - Level 15.2 Armour
 + Level 21.4 Dodging
 - Level 2.0 Stealth
 - Level 12.6 Shields
 - Level 13.8 Unarmed Combat
 * Level 24.4 Spellcasting


You couldn't memorise any spells.
You knew the following spells:

 Your Spells              Type           Power      Damage    Failure   Level
a - Magic Dart            Conj           100%       1d8       0%          1
b - Searing Ray           Conj           100%       2d8       0%          2
c - Dazzling Flash        Conj/Hex       100%       N/A       0%          3
d - Fulminant Prism       Conj/Hex       73%        3d30      0%          4
e - Iskenderun's Mystic   Conj/Tloc      100%       2d19      0%          4
f - Freeze                Ice            100%       1d11      0%          1
g - Wereblood             Tmut           100%       N/A       0%          2
h - Conjure Flame         Conj/Fire      100%       6-21      0%          3
i - Portal Projectile     Hex/Tloc       100%       N/A       0%          3
j - Agony                 Necr           100%       N/A       0%          5
k - Summon Forest         Summ/Tloc      73%        N/A       0%          5
l - Summon Cactus Giant   Summ           73%        N/A       0%          6
m - Haunt                 Necr/Summ      73%        N/A       0%          7
n - Dragon Form           Tmut           73%        N/A       0%          7
o - Discord               Hex            73%        N/A       1%          8
p - Lehudib's Crystal Sp  Conj/Erth      73%        10d16     1%          8
q - Death's Door          Necr           73%        N/A       1%          9
r - Dragon's Call         Summ           73%        N/A       1%          9
Your spell library was empty.

Dungeon Overview and Level Annotations

Branches:
Dungeon (15/15)            Temple (1/1) D:6            Lair (6/6) D:9
  Swamp (4/4) Lair:3       Spider (4/4) Lair:2        Slime (0/5) Lair:5
    Orc (2/2) D:11            Elf (3/3) Orc:2        Vaults (5/5) D:14
  Crypt (3/3) Vaults:2       Tomb (2/3) Crypt:3      Depths (4/4) D:15
    Zot (0/5) Depths:4

Altars:
Ashenzari
Cheibriados
Dithmenos
Elyvilon
Fedhas
Gozag
Hepliaklqana
Kikubaaqudgha
Makhleb
Nemelex Xobeh
Okawaru
Qazlal
Ru
Sif Muna
Trog
Uskayaw
Vehumet
Wu Jian
Xom
Yredelemnul
Zin
The Shining One
Beogh
Jiyva

Shops:
D:11 *   D:14 *   Orc:1 (   Orc:2 **(*   Lair:3 ?=   Lair:5 (   Vaults:1 :
Vaults:5 :   Depths:2 *

Portals:
Hell: Depths:1 Depths:2 Depths:3 Depths:4
Abyss: D:6 Depths:3
Pandemonium: Depths:1 Depths:2
Ziggurat: Depths:2

Annotations:
Crypt:1 2 transporters, exclusion: obsidian statue, Ciwiv's ghost, veteran FoFi
Depths:1 1 exclusion


Innate Abilities, Weirdness & Mutations

You are immune to sickness and miasma.
You are immune to poison.
Your flesh is very heat resistant. (rF++)
You are vulnerable to cold. (rC-)
You float through the air rather than walking.
You learn spells naturally, not from books.
Your magical power is your life essence.
You have superior vitality. (+4 MHP)


Message History

Your golden dragon bites the ushabti!
The ushabti is destroyed!
Blink to where?
Press: ? - help, Q - select action, (/) - cycle Dir - move target
As you read the scroll of blinking, it crumbles to dust.
* * * LOW HITPOINT WARNING * * *
The hellwing gives a chilling moan.
The death scarab is engulfed in freezing vapours. x2
The death scarab is distracted by your dazzling golden aura.
The death scarab is engulfed in freezing vapours. x4
Something closely misses your freezing wraith.
The death scarab is engulfed in freezing vapours. x3
The death scarab bites your golden dragon!
The death scarab drains your golden dragon's vigour!
Your golden dragon seems to slow down.
The ancient champion is engulfed in freezing vapours.
The emperor scorpion is engulfed in freezing vapours.
The emperor scorpion is distracted by your dazzling golden aura.
The ancient champion is engulfed in freezing vapours.
The death scarab is engulfed in freezing vapours. x2
The death scarab misses you.
The death scarab is engulfed in freezing vapours.
The ancient champion is distracted by your dazzling golden aura.
The emperor scorpion is engulfed in freezing vapours.
The royal mummy is engulfed in freezing vapours.
The royal mummy casts a spell at you. Something smites you!
* * * LOW HITPOINT WARNING * * *
Your golden dragon is engulfed in freezing vapours.
The emperor scorpion is engulfed in freezing vapours.
Your storm dragon bites the ancient champion but does no damage.
Your storm dragon claws the ancient champion.
Your storm dragon tramples the ancient champion.
The ancient champion stumbles backwards!
The death scarab is engulfed in freezing vapours.
The death scarab misses you.
The death scarab is engulfed in freezing vapours.
The death scarab bites you!!
You die...
Your body crumbles into a pile of gold.

M§..4.≈≈..$.$V... #...
.§§.≈≈≈W≈.♣.....♣ #...#
#§§§≈≈≈≈$....^...
$#....#
#§§§D♣♣♣♣♣#♣.^..
#.....###sDZ♣♣♣♣♣♣♣B§.♣
#......#♣z§§MB...M§M§.#
#......§§§§§sB.#.M§§M
#......Bs§z§§B.# ..M
#.....@BD§§§B..( .
#########M####### 99§
§§§ §§


You could see a royal mummy, 3 emperor scorpions, 2 ancient champions, a mummy
priest, a wraith (summoned), 6 death scarabs, an iron dragon zombie, a friendly
golden dragon (summoned, slow), a friendly storm dragon (summoned) and a
friendly fire dragon (summoned, slow, corroded).

Vanquished Creatures
  A dread lich (Vaults:5)
  An ancient lich (Crypt:2)
  A juggernaut (Depths:3)
  A royal mummy (Tomb:2)
  A caustic shrike (Depths:2)
  Jory (Vaults:3)
  A walking crystal tome (Depths:3)
  A lich (Depths:2)
  2 walking earthen tomes (Depths:3)
  2 titans (Vaults:5)
  A deep elf blademaster (Elf:2)
  A sphinx (Vaults:5)
  5 ancient champions
  Roxanne (Swamp:1)
  2 storm dragons (Vaults:5)
  A revenant (Crypt:2)
  A frost giant (Depths:4)
  4 vault wardens
  A balrug (Depths:1)
  A deep elf sorcerer (Vaults:5)
  A ghost moth (Spider:4)
  2 curse skulls
  A caustic shrike zombie (Crypt:3)
  8 ghouls (Crypt:2)
  A spriggan defender (Depths:3)
  7 ironbound preservers
  3 stone giants
  A juggernaut skeleton (Crypt:3)
  2 very ugly things (Depths:4)
  A war gargoyle (Vaults:3)
  18 vampire knights
  An eleionoma (Swamp:1)
  2 ironbound thunderhulks
  A yellow draconian (Depths:4)
  4 spark wasps
  6 eidola
  A quicksilver dragon zombie (Crypt:3)
  4 ettins
  A mummy priest (Tomb:1)
  7 jiangshi
  3 deep elf death magi
  A fire dragon (Lair:6)
  A yaktaur captain (Vaults:4)
  A spriggan zombie (Crypt:3)
  A great orb of eyes (Depths:4)
  2 ice dragons
  A peacekeeper (Vaults:4)
  A quicksilver dragon skeleton (Vaults:3)
  10 vault guards
  3 hydras
  A jorogumo (Spider:3)
  A ghost crab (Swamp:1)
  A catoblepas (Lair:6)
  An ironbound frostheart (Vaults:3)
  An ogre mage (Vaults:2)
  3 death knights
  A centaur warrior (D:13)
  A juggernaut simulacrum (Crypt:3)
  A two-headed ogre (D:10)
  A death yak (shapeshifter) (Depths:4)
  A deep troll shaman (Depths:4)
  5 death yaks
  A death scarab (Tomb:2)
  4 alligators (Swamp:1)
  An orc high priest (Orc:2)
  Urug (Lair:6)
  A spriggan berserker (Depths:4)
  5 vampire magi
  A soul eater (Crypt:2)
  2 hell knights
  A sun demon (Depths:2)
  30 skeletal warriors
  A goliath frog (Swamp:2)
  An anaconda zombie (Crypt:2)
  7 flayed ghosts
  A bunyip zombie (Crypt:3)
  A spriggan druid (Swamp:3)
  16 deep trolls
  4 bog bodies
  A swamp dragon (Lair:6)
  A broodmother zombie (Crypt:1)
  A deep elf zephyrmancer (Elf:2)
  A shadow dragon zombie (Crypt:2)
  2 wizards
  An orc knight (D:11)
  5 ironbound convokers
  24 phantasmal warriors
  A wolf spider (Spider:2)
  2 orc sorcerers
  A draconian zombie (Crypt:3)
  6 ugly things
  A moth of wrath (Spider:4)
  A cyclops (D:11)
  A will-o-the-wisp (Swamp:1)
  4 elephants
  A dire elephant zombie (Crypt:3)
  A black mamba (Lair:2)
  Joseph (D:8)
  6 vault sentinels
  The ghost of trickyswaf the Magician, a novice DEFE of Sif Muna (D:6)
  A torpor snail (Lair:5)
  5 yaktaurs
  3 gargoyles
  14 cane toads
  A shock serpent skeleton (Crypt:3)
  A dire elephant skeleton (Crypt:3)
  An ice devil (D:6)
  3 komodo dragons
  A rime drake (Lair:6)
  4 freezing wraiths
  A demonic crawler (Spider:3)
  2 guardian mummies (Tomb:1)
  A bloated husk (Swamp:1)
  15 meliai
  A troll (D:11)
  7 polar bears
  A tyrant leech (Swamp:4)
  A slime creature (Vaults:4)
  3 raiju (Lair:6)
  A guardian serpent zombie (Crypt:1)
  Grinder (D:5)
  17 dream sheep
  A hornet (Swamp:4)
  12 blink frogs
  A fire dragon zombie (Crypt:1)
  A black mamba zombie (Crypt:3)
  An ice dragon zombie (Crypt:2)
  A centaur simulacrum (D:13)
  4 flying skulls (Tomb:1)
  An air elemental (Elf:2)
  A culicivora (shapeshifter) (Vaults:5)
  8 wyverns
  Sigmund (D:3)
  53 yaks
  6 jumping spiders
  4 water elementals
  6 culicivoras
  4 spriggans
  15 wraiths
  9 basilisks
  11 redbacks
  2 vampire mosquitoes (D:10)
  3 steam dragons
  A hog (Spider:3)
  A wind drake skeleton (Crypt:3)
  9 hell hounds (Lair:6)
  3 wargs (Lair:6)
  2 swamp worms
  2 acid dragons (Lair:6)
  11 water moccasins
  Duvessa (D:4)
  A naga skeleton (Tomb:2)
  10 black bears
  10 orc warriors
  4 ice beasts
  An elephant zombie (Crypt:3)
  5 necrophages
  A boggart (Vaults:2)
  2 ogres (D:11)
  4 centaurs
  24 wolves
  5 kobold brigands
  A gnoll sergeant (D:9)
  A scorpion (D:4)
  10 bullfrogs
  A wyvern zombie (D:6)
  2 water moccasin zombies (D:5)
  2 wyvern skeletons
  Dowan (D:4)
  6 killer bees
  3 wights (D:8)
  3 howler monkeys
  2 hounds
  A bullfrog zombie (Crypt:1)
  6 centaur zombies
  A jelly (D:3)
  Crazy Yiuf (D:2)
  18 orc priests
  A bullfrog skeleton (D:5)
  2 centaur skeletons
  Ijyb (D:5)
  21 orc wizards
  9 iguanas
  A killer bee zombie (D:7)
  A deep dwarf zombie (Crypt:3)
  12 mummies
  An acid dragon skeleton (Crypt:2)
  3 hound skeletons (D:4)
  A howler monkey zombie (D:9)
  11 gnolls
  12 adders
  A swamp drake skeleton (Crypt:3)
  2 white imps
  An ufetubus (D:6)
  An iguana zombie (Crypt:1)
  2 worms
  7 dart slugs
  57 orcs
  7 ball pythons
  8 endoplasms
  3 giant cockroaches
  8 goblins
  6 hobgoblins
  25 kobolds
  4 bats
  A dart slug zombie (Crypt:3)
  5 frilled lizards
  A jackal zombie (Crypt:3)
  An orc skeleton (Crypt:3)
  4 rats
  A fulminant prism (D:5)
  2 snaplasher vines
894 creatures vanquished.

Vanquished Creatures (collateral kills)
  Mennas (Vaults:5)
  An ancient lich (Crypt:2)
  A royal mummy (Tomb:1)
  2 juggernauts (Depths:3)
  Boris (4 times) (Vaults:2 Depths:1 Depths:4 Crypt:2)
  the Lernaean hydra (Swamp:4)
  Frederick (Tomb:1)
  Margery (Vaults:3)
  Bai Suzhen (Crypt:1)
  3 caustic shrikes (Depths:2)
  5 golden dragons
  A bone dragon (Depths:4)
  Arachne (Spider:2)
  3 liches
  6 tentacled monstrosities
  3 deep elf blademasters
  A walking frostbound tome (Depths:2)
  2 walking divine tomes
  5 quicksilver dragons
  6 titans
  2 deep elf master archers (Elf:3)
  16 sphinxes
  4 ancient champions
  12 tengu reavers
  Kirke (Spider:3)
  2 shadow dragons
  4 storm dragons
  2 thorn hunters
  A fenstrider witch (shapeshifter) (Depths:2)
  Donald (Swamp:3)
  8 fire giants
  3 emperor scorpions (Spider:4)
  4 revenants
  2 ghost moths (Spider:4)
  2 deep elf sorcerers (Elf:3)
  3 iron dragons
  5 frost giants
  10 vault wardens
  A curse skull (Crypt:1)
  A draconian scorcher (Depths:4)
  6 ghouls
  A draconian annihilator (Depths:4)
  A draconian stormcaller (Depths:4)
  7 ironbound thunderhulks
  10 ironbound preservers
  3 war gargoyles
  3 spriggan defenders
  5 deep elf elementalists (Elf:3)
  A broodmother (Spider:3)
  65 very ugly things
  8 stone giants
  Nessos (Orc:2)
  5 deep elf demonologists (Elf:3)
  Azrael (D:12)
  10 vampire knights
  4 entropy weavers
  3 eleionomae
  A black draconian (Depths:4)
  A white draconian (Depths:4)
  11 deep elf annihilators (Elf:3)
  3 spark wasps (Depths:2)
  The ghost of qdestroyer the Cleaver, a journeyman MiFi of Trog (D:13)
  A yellow draconian (Depths:4)
  8 bunyips
  Snorg (D:12)
  An eidolon (Crypt:2)
  2 crystal guardians
  3 deep elf death magi (Elf:3)
  A quicksilver dragon zombie (Depths:3)
  4 mummy priests (Tomb:1)
  10 ettins
  6 deep elf high priests
  29 vault guards
  2 jiangshi
  11 fire dragons
  5 great orbs of eyes
  16 yaktaur captains
  A fire dragon (shapeshifter) (D:14)
  5 ice dragons
  A rakshasa (Depths:3)
  11 spriggan air magi
  A hell beast (Depths:1)
  2 peacekeepers
  6 boulder beetles
  A jorogumo (Spider:3)
  7 ironbound frosthearts
  18 hydras
  A catoblepas (Lair:6)
  2 ogre magi
  A spriggan skeleton (Tomb:2)
  A ghost crab (Swamp:2)
  3 radroaches
  5 centaur warriors
  29 dancing weapons
  16 death scarabs (Tomb:1)
  11 alligators
  5 two-headed ogres
  5 deep troll shamans
  A death knight (Crypt:1)
  A death yak (D:14)
  12 spriggan berserkers
  6 deep troll earth magi
  3 tengu warriors
  2 vampire magi
  2 orc high priests (Orc:2)
  15 deep elf knights
  16 hell knights
  Nergalle (Lair:3)
  An emperor scorpion zombie (Crypt:2)
  A fire crab (Lair:6)
  A titan skeleton (Depths:3)
  Sonja (Lair:6)
  15 skeletal warriors
  6 iron trolls
  A pharaoh ant (Spider:1)
  A soul eater (Depths:4)
  5 sun moths
  3 goliath frogs
  2 spriggan druids
  An anaconda zombie (Crypt:3)
  48 deep trolls
  A quicksilver dragon simulacrum (Depths:1)
  9 orb spiders
  6 steelbarb worms
  7 swamp dragons (Swamp:4)
  15 bog bodies
  4 glowing orange brains
  8 phantasmal warriors
  20 ironbound convokers
  5 flayed ghosts
  26 deep elf pyromancers
  2 lindwurms (Vaults:1)
  2 nameless horrors (Spider:4)
  22 deep elf archers
  2 shadow dragon zombies
  22 deep elf zephyrmancers
  12 wizards
  6 orc knights
  12 wolf spiders
  9 necromancers
  6 orc sorcerers
  59 ugly things
  A faun (shapeshifter) (Depths:3)
  A shadow dragon skeleton (Depths:3)
  A moth of wrath (Spider:4)
  4 cyclopes
  4 will-o-the-wisps
  4 manticores
  5 elephants
  4 centaur zombies
  11 vault sentinels
  An eye of devastation (shapeshifter) (Vaults:5)
  An alligator snapping turtle zombie (Crypt:3)
  A gargoyle (D:13)
  2 naga magi (Depths:1)
  3 demonic crawlers
  3 cane toads
  2 torpor snails (Spider:4)
  43 yaktaurs
  6 freezing wraiths
  A rime drake (Lair:6)
  A komodo dragon (shapeshifter) (D:14)
  5 komodo dragons
  11 guardian mummies
  3 tengu conjurers
  4 kobold demonologists (D:13)
  A queen bee (shapeshifter) (D:13)
  A redback zombie (Crypt:1)
  A meliai (shapeshifter) (Elf:3)
  4 trolls
  11 meliai
  A polar bear (shapeshifter) (D:13)
  8 tyrant leeches
  10 hornets
  6 polar bears
  A wolf spider simulacrum (D:15)
  9 tarantellas
  2 blink frogs (Lair:6)
  25 slime creatures
  A snapping turtle (shapeshifter) (Vaults:5)
  A raiju (Lair:6)
  A human simulacrum (Vaults:3)
  20 jumping spiders
  2 centaur simulacra (D:14)
  10 flying skulls (Tomb:1)
  6 air elementals
  12 culicivoras
  6 spriggans
  8 water elementals
  A culicivora (shapeshifter) (Vaults:5)
  A vampire (D:14)
  8 wraiths
  A hog (Spider:3)
  18 yaks
  2 basilisks
  A wyvern (Lair:2)
  8 fire elementals
  An ushabti (Tomb:2)
  40 redbacks
  A steam dragon (Lair:6)
  10 vampire mosquitoes
  A redback simulacrum (D:14)
  4 wargs
  2 acid dragons (D:11)
  A floating eye (Depths:3)
  2 hell hounds (Lair:6)
  10 swamp worms
  2 water moccasins
  9 swamp drakes
  2 black bears (Lair:6)
  12 orc warriors (Orc:2)
  A snapping turtle zombie (Crypt:3)
  5 ice beasts
  2 necrophages (Swamp:4)
  5 ogres
  6 centaurs
  7 wolves
  9 kobold brigands (D:13)
  2 earth elementals
  A small abomination (D:6)
  A bullfrog (Lair:3)
  A troll zombie (Crypt:2)
  2 howler monkeys (D:12)
  3 electric eels (D:14)
  A bullfrog skeleton (Crypt:1)
  3 orc priests
  An iguana (Lair:6)
  6 orc wizards
  16 mummies
  2 white imps (D:14)
  An ufetubus (D:6)
  A worm (shapeshifter) (Depths:2)
  25 orcs
  A goblin skeleton (Crypt:2)
  4 briar patches (Swamp:2)
  A bush (Swamp:4)
  A snaplasher vine (Vaults:1)
  A toadstool (Swamp:3)
1431 creatures vanquished.

Vanquished Creatures (others)
  A vault guard (Vaults:5)
  A two-headed ogre (Vaults:2)
  A dancing weapon (Elf:2)
  A deep troll earth mage (Depths:3)
  2 deep elf knights (Elf:1)
  A deep troll (Vaults:1)
  An ironbound convoker (Vaults:5)
  3 ugly things (Vaults:2)
  3 yaktaurs
  A guardian mummy (Tomb:2)
  2 bloated husks
  A blink frog (Lair:6)
  A human (Spider:3)
  An orc priest (Orc:2)
  An iguana (Lair:6)
  An orc wizard (Orc:2)
  2 orcs
  28 foxfires
  364 fulminant prisms
  90 fungi
  119 plants
  60 snaplasher vines
  3 toadstools (Swamp:3)
688 creatures vanquished.

Grand Total: 3013 creatures vanquished

Notes
Turn   | Place    | Note
-------+----------+-------------------------------------------
     0 | D:1      | Brotato the Djinni Conjurer began the quest for the Orb.
     0 | D:1      | Reached XP level 1. HP: 15/15 MP: 0/0
   164 | D:1      | Reached XP level 2. HP: 18/21 MP: 0/0
  1191 | D:2      | Found a faded altar of an unknown god.
  1193 | D:2      | Reached XP level 3. HP: 24/25 MP: 0/0
  1193 | D:2      | Learned a level 1 spell: Freeze
  1706 | D:2      | Reached skill level 1 in Fighting
  1726 | D:2      | Reached XP level 4. HP: 26/32 MP: 0/0
  2027 | D:2      | Reached skill level 4 in Spellcasting
  2044 | D:2      | Found a runed translucent door.
  2045 | D:2      | Noticed Crazy Yiuf
  2906 | D:3      | Reached XP level 5. HP: 32/37 MP: 0/0
  2906 | D:3      | Learned a level 2 spell: Wereblood
  3212 | D:3      | Found an ornate altar of the Wu Jian Council.
  3371 | D:3      | Noticed Sigmund
  3378 | D:3      | Killed Sigmund
  3379 | D:3      | Reached XP level 6. HP: 36/45 MP: 0/0
  3560 | D:3      | Reached skill level 5 in Spellcasting
  4363 | D:3      | Reached XP level 7. HP: 44/50 MP: 0/0
  4363 | D:3      | Learned a level 3 spell: Conjure Flame
  5210 | D:4      | Reached skill level 6 in Spellcasting
  5210 | D:4      | Reached XP level 8. HP: 39/58 MP: 0/0
  5464 | D:4      | Identified the +0 ring mail "Usiafah" {Will++}
  5476 | D:4      | Noticed Duvessa
  5476 | D:4      | Noticed Dowan
  5482 | D:4      | Killed Dowan
  5485 | D:4      | Killed Duvessa
  6010 | D:5      | Entered Level 5 of the Dungeon
  6013 | D:5      | Noticed Grinder
  6031 | D:5      | Killed Grinder
  6032 | D:5      | Reached skill level 5 in Fighting
  6032 | D:5      | Reached skill level 7 in Spellcasting
  6200 | D:5      | Noticed Ijyb
  6206 | D:5      | Killed Ijyb
  6208 | D:5      | Noticed a wyvern
  6211 | D:5      | Killed a wyvern
  6212 | D:5      | Reached XP level 9. HP: 54/65 MP: 0/0
  6212 | D:5      | Learned a level 3 spell: Portal Projectile
  7272 | D:6      | Reached skill level 8 in Spellcasting
  7538 | D:6      | Found a transporter.
  7579 | D:6      | Noticed an ice devil
  7586 | D:6      | Noticed trickyswaf's ghost (novice DEFE)
  7613 | D:6      | Found a transporter.
  7875 | D:6      | Found a staircase to the Ecumenical Temple.
  7883 | Temple   | Entered the Ecumenical Temple
  8107 | Temple   | Became a worshipper of Gozag Ym Sagoz the Greedy
  8521 | D:7      | Reached XP level 10. HP: 42/75 MP: 0/0
  8549 | D:7      | Reached skill level 9 in Spellcasting
  9048 | D:7      | Found a flagged portal.
  9401 | D:8      | Noticed Joseph
  9411 | D:8      | Killed Joseph
  9646 | D:8      | Reached skill level 10 in Spellcasting
 11186 | D:9      | Found a staircase to the Lair.
 11666 | D:9      | You are sucked into a shaft and drop 2 floors!
 11672 | D:11     | Reached XP level 11. HP: 70/82 MP: 0/0
 11672 | D:11     | Learned a level 5 spell: Agony
 11761 | D:11     | Found a staircase to the Orcish Mines.
 11761 | D:11     | Noticed a cyclops
 11765 | D:11     | Killed a cyclops
 11766 | D:11     | Noticed a boulder beetle
 11839 | D:11     | Reached skill level 11 in Spellcasting
 12181 | D:10     | Entered Level 10 of the Dungeon
 12520 | D:10     | Found a broken altar of Ashenzari.
 12842 | D:10     | Noticed a two-headed ogre
 12852 | D:10     | Killed a two-headed ogre
 12853 | D:10     | Reached skill level 10 in Fighting
 13812 | D:9      | Found a basalt altar of Yredelemnul.
 14042 | Lair:1   | Entered Level 1 of the Lair of Beasts
 14358 | D:9      | Reached XP level 12. HP: 56/92 MP: 0/0
 14513 | D:9      | Reached skill level 12 in Spellcasting
 15131 | Lair:1   | Noticed a five-headed hydra
 15140 | Lair:1   | Killed a five-headed hydra
 15768 | Lair:1   | Reached skill level 13 in Spellcasting
 16598 | Lair:2   | Reached XP level 13. HP: 88/100 MP: 0/0
 16598 | Lair:2   | Learned a level 5 spell: Summon Forest
 16612 | Lair:2   | Reached skill level 1 in Armour
 16612 | Lair:2   | Reached skill level 1 in Shields
 17482 | Lair:2   | Found a hole to the Spider Nest.
 18366 | Lair:3   | Noticed Nergalle
 18380 | Lair:3   | Killed Nergalle
 18880 | Lair:3   | Reached skill level 5 in Dodging
 19050 | Lair:3   | Found a broken altar of Ashenzari.
 19057 | Lair:3   | Found a staircase to the Swamp.
 19168 | Lair:3   | Bought a scroll of identify for 32 gold pieces
 19168 | Lair:3   | Bought a scroll of noise for 16 gold pieces
 19168 | Lair:3   | Bought a scroll of identify for 32 gold pieces
 19170 | Lair:3   | Bought a scroll of identify for 32 gold pieces
 19170 | Lair:3   | Bought 2 scrolls of fear for 112 gold pieces
 19417 | Lair:3   | Bought the ring of Dishonesty {Wiz Int+4} for 590 gold
                  | pieces
 19536 | Lair:4   | Reached skill level 14 in Spellcasting
 19540 | Lair:4   | Reached XP level 14. HP: 35/108 MP: 0/0
 20523 | Lair:5   | Reached skill level 5 in Armour
 20609 | Lair:5   | Reached skill level 5 in Shields
 20926 | Lair:5   | Found a viscous altar of Jiyva.
 20926 | Lair:5   | Found a staircase to the Slime Pits.
 21074 | Lair:6   | Entered Level 6 of the Lair of Beasts
 21080 | Lair:6   | Noticed Urug
 21196 | Lair:6   | Noticed Sonja
 21201 | Lair:6   | Killed Sonja
 21361 | Lair:6   | Killed Urug
 22033 | Lair:6   | Reached XP level 15. HP: 112/114 MP: 0/0
 22033 | Lair:6   | Learned a level 6 spell: Summon Cactus Giant
 22210 | Lair:6   | Identified the +12 scimitar "Ossuclo" {vorpal, Stlth+}
 23295 | D:11     | Reached skill level 15 in Spellcasting
 24076 | Orc:1    | Entered Level 1 of the Orcish Mines
 24076 | Orc:1    | You are sucked into a shaft and drop 1 floor!
 24076 | Orc:2    | Entered Level 2 of the Orcish Mines
 24239 | Orc:2    | Noticed Nessos
 24378 | D:11     | Bought a potion of curing for 75 gold pieces
 24378 | D:11     | Bought a smoking robe for 142 gold pieces
 24378 | D:11     | Identified the +0 robe "Tinacko" {rF+} (You bought it in a
                  | shop on level 11 of the Dungeon)
 24378 | D:11     | Bought a faintly glowing lapis lazuli ring for 125 gold
                  | pieces
 24378 | D:11     | Identified the ring "Hueptim" {+Blink rF+ rC- Int+2 Dex+6}
                  | (You bought it in a shop on level 11 of the Dungeon)
 24378 | D:11     | Bought a fuming emerald potion for 22 gold pieces
 24926 | Orc:1    | Found Bueluly's Weapon Boutique.
 25447 | Orc:2    | Found a staircase to the Elven Halls.
 25732 | D:12     | Found a hazy altar of Hepliaklqana.
 25789 | D:12     | Noticed Azrael
 25800 | D:12     | Killed Azrael
 25996 | D:12     | Noticed Snorg
 26010 | D:12     | Killed Snorg
 26334 | D:13     | Found a runed translucent gate.
 26339 | D:13     | Noticed qdestroyer's ghost (journeyman MiFi)
 26559 | D:13     | Found a hide-covered altar of Uskayaw.
 26835 | D:13     | Found a runed translucent gate.
 26836 | D:13     | Found a runed translucent gate.
 27495 | D:14     | Reached XP level 16. HP: 120/123 MP: 0/0
 27911 | D:14     | Reached skill level 16 in Spellcasting
 28017 | D:14     | Found Cimas's Fire Supplies.
 28031 | D:14     | Bought a +0 hat of fire resistance for 121 gold pieces
 28634 | D:14     | Found a gate to the Vaults.
 29173 | D:15     | Entered Level 15 of the Dungeon
 29510 | D:15     | Reached skill level 15 in Fighting
 29514 | D:15     | Found a staircase to the Depths.
 29843 | D:15     | Noticed a fire giant
 29852 | D:15     | Killed a fire giant
 29953 | D:15     | Found a frozen archway.
 30490 | Lair:3   | Bought the amulet "Coilan" {Reflect Rampage Regen+ Str-3
                  | Dex+7 SH+5} for 590 gold pieces
 30619 | Swamp:1  | Entered Level 1 of the Swamp
 30802 | Swamp:1  | Identified Roxanne's Disquisition on Earth
 30802 | Swamp:1  | Noticed Roxanne
 30834 | Swamp:1  | Reached XP level 17. HP: 84/131 MP: 0/0
 30834 | Swamp:1  | Learned a level 7 spell: Haunt
 30838 | Swamp:1  | Reached skill level 17 in Spellcasting
 31041 | Swamp:1  | Killed Roxanne
 31756 | Swamp:2  | Noticed a thorn hunter
 31764 | Swamp:2  | Killed a thorn hunter
 32257 | Swamp:2  | Identified the +1 scale mail of Timoeneg {rC+ Regen+}
 32690 | Lair:5   | Bought the +9 staff of Olgreb {rPois∞} for 3100 gold pieces
 32690 | Lair:5   | Found the +9 staff of Olgreb {rPois∞}
 32809 | Swamp:3  | Noticed Donald
 32823 | Swamp:3  | Killed Donald
 32881 | Swamp:3  | Identified the +1 whip of Expedience {freeze, Drain rCorr
                  | Str+5}
 32885 | Swamp:3  | Noticed a thorn hunter
 32895 | Swamp:3  | Killed a thorn hunter
 33732 | Swamp:4  | Entered Level 4 of the Swamp
 34231 | Swamp:4  | Reached XP level 18. HP: 126/139 MP: 0/0
 34278 | Swamp:4  | Reached skill level 18 in Spellcasting
 34367 | Swamp:4  | Noticed the 27-headed Lernaean hydra
 34380 | Swamp:4  | Killed the 27-headed Lernaean hydra
 34870 | Swamp:4  | Identified the ring "Qekegg" {*Slow rPois rC+ rN+ Int+3}
 35126 | Swamp:4  | Got a decaying rune of Zot
 35241 | Spider:1 | Entered Level 1 of the Spider Nest
 35265 | Spider:1 | Reached skill level 10 in Armour
 36289 | Spider:2 | Noticed Arachne
 36315 | Spider:2 | Killed Arachne
 37073 | Spider:3 | Noticed Kirke
 37081 | Spider:3 | Killed Kirke
 37516 | Spider:3 | Reached XP level 19. HP: 133/145 MP: 0/0
 37516 | Spider:3 | Learned a level 7 spell: Dragon Form
 38020 | Spider:4 | Entered Level 4 of the Spider Nest
 38031 | Spider:4 | Reached skill level 1 in Unarmed Combat
 38963 | Spider:4 | Reached skill level 5 in Unarmed Combat
 39894 | Spider:4 | Got a gossamer rune of Zot
 40202 | Orc:2    | Killed Nessos
 40441 | Orc:2    | Paralysed by an orc sorcerer for 7 turns
 40547 | Orc:2    | Found Izuli's General Store.
 40547 | Orc:2    | Found Vuikaor's Assorted Antiques.
 40553 | Orc:2    | Found Xusich Mupn's Weapon Emporium.
 40553 | Orc:2    | Found Kolaeg's Assorted Antiques.
 40559 | Orc:2    | Bought a scroll of teleportation for 48 gold pieces
 40562 | Orc:2    | Bought a wand of digging (8) for 248 gold pieces
 40562 | Orc:2    | Bought a wand of iceblast (7) for 124 gold pieces
 40562 | Orc:2    | Bought an ivory ring for 155 gold pieces
 40562 | Orc:2    | Bought a scroll of silence for 232 gold pieces
 40562 | Orc:2    | Bought a potion of cancellation for 248 gold pieces
 40562 | Orc:2    | Bought a wand of paralysis (4) for 62 gold pieces
 40564 | Orc:2    | Bought a potion of curing for 102 gold pieces
 40564 | Orc:2    | Bought a potion of curing for 102 gold pieces
 40564 | Orc:2    | Bought a potion of brilliance for 136 gold pieces
 40847 | Elf:1    | Entered Level 1 of the Elven Halls
 41139 | Elf:1    | Identified the +0 buckler of Plog {rElec rF- Str+9 Dex-2}
 41153 | Elf:1    | Identified the +3 scale mail of Ofrel {Will+ Int+8}
 41350 | Elf:1    | Paralysed by an air elemental for 1 turns
 41546 | Elf:1    | Paralysed by an air elemental for 1 turns
 41840 | Elf:1    | Reached skill level 10 in Dodging
 41841 | Elf:1    | Reached XP level 20. HP: 155/155 MP: 0/0
 42351 | Elf:2    | Found a runed translucent gate.
 42352 | Elf:2    | Found a runed translucent gate.
 42352 | Elf:2    | Found a runed translucent gate.
 43231 | Elf:2    | Reached skill level 19 in Spellcasting
 43568 | Elf:2    | Reached skill level 10 in Unarmed Combat
 43781 | Elf:3    | Entered Level 3 of the Elven Halls
 44564 | Elf:3    | Noticed a Hell Sentinel
 44572 | Elf:3    | Noticed a Hell Sentinel
 44816 | Elf:3    | Reached XP level 21. HP: 142/161 MP: 0/0
 44816 | Elf:3    | Learned a level 8 spell: Discord
 44979 | Elf:3    | Identified the +1 troll leather armour of the Other World
                  | {rElec rN+ Regen+ Str+2}
 45156 | Elf:3    | Found the +9 heavy crossbow "Sniper" {vorpal, Acc+∞ SInv}
 45156 | Elf:3    | Found the +3 pair of seven-league boots {Rampage+∞}
 45159 | Elf:3    | Found the +6 arbalest "Damnation" {damnation}
 45263 | Elf:3    | Noticed a Brimstone Fiend
 45800 | Vaults:1 | Entered Level 1 of the Vaults
 46554 | Vaults:1 | Found Ruxt's Book Emporium.
 46562 | Vaults:1 | Bought a manual of Dodging for 1360 gold pieces
 47721 | Vaults:2 | Noticed Boris
 47732 | Vaults:2 | Killed Boris
 47842 | Vaults:2 | Identified the +4 scale mail of Curiosity {Will+ rCorr
                  | Slay-2}
 48238 | Vaults:2 | Found a staircase to the Crypt.
 48312 | Vaults:2 | Reached XP level 22. HP: 162/169 MP: 0/0
 49452 | Depths:1 | Entered Level 1 of the Depths
 49508 | Depths:1 | Noticed Boris
 49527 | Depths:1 | Killed Boris
 49680 | Depths:1 | Reached skill level 10 in Shields
 49689 | Depths:1 | Found a flickering gateway to a bazaar.
 49690 | Depths:1 | Found a white marble altar of Elyvilon.
 49693 | Bazaar   | Entered a bazaar
 49693 | Bazaar   | Found Heuck's Armour Shop.
 49693 | Bazaar   | Found Viproet's Antique Weapon Emporium.
 49709 | Bazaar   | Found Wadejic's Antique Armour Shoppe.
 49717 | Bazaar   | Bought a jewelled plate armour for 588 gold pieces
 49717 | Bazaar   | Identified the +0 plate armour of Lugonu {rF+} (You bought
                  | it in a shop in a bazaar)
 49742 | Bazaar   | Found Dyipraam's Magic Scroll Emporium.
 49750 | Bazaar   | Bought a scroll of teleportation for 45 gold pieces
 49750 | Bazaar   | Bought a scroll of magic mapping for 52 gold pieces
 49750 | Bazaar   | Bought a scroll of teleportation for 45 gold pieces
 49750 | Bazaar   | Bought a scroll of teleportation for 45 gold pieces
 49750 | Bazaar   | Bought a scroll of teleportation for 45 gold pieces
 49750 | Bazaar   | Bought a scroll of enchant armour for 112 gold pieces
 49750 | Bazaar   | Found Suucwy's Assorted Antiques.
 49758 | Bazaar   | Bought a runed helmet for 202 gold pieces
 49772 | Bazaar   | Bought a potion of curing for 81 gold pieces
 49772 | Bazaar   | Bought a wand of iceblast (2) for 108 gold pieces
 49772 | Bazaar   | Bought a potion of berserk rage for 135 gold pieces
 49772 | Bazaar   | Bought a potion of curing for 81 gold pieces
 49772 | Bazaar   | Bought a scroll of blinking for 202 gold pieces
 49772 | Bazaar   | Bought a wand of charming (7) for 54 gold pieces
 50055 | Depths:1 | Found a one-way gate leading to the halls of Pandemonium.
 50112 | Depths:1 | Found a gateway to Hell.
 50828 | Depths:1 | Reached skill level 20 in Spellcasting
 50868 | Depths:1 | Identified the +5 hat of Watchfulness {Int+4 Dex-3 SInv
                  | Stlth+}
 50882 | Depths:1 | Identified the +2 hat "Turob" {rN+}
 51414 | Depths:2 | Found Nieckuidd's Assorted Antiques.
 51422 | Depths:2 | Found a one-way gateway to a ziggurat.
 52072 | Depths:2 | Reached XP level 23. HP: 95/176 MP: 0/0
 52072 | Depths:2 | Learned a level 8 spell: Lehudib's Crystal Spear
 52559 | Depths:2 | Noticed a golden dragon
 52567 | Depths:2 | Killed a golden dragon
 52867 | Depths:2 | Identified the +9 dagger of Wibosahe {flame, *Slow rC+
                  | MP+9}
 53464 | Depths:2 | Identified the +1 leather armour of the Mind {rPois rN++
                  | SInv Stlth-}
 53465 | Depths:2 | Identified the +0 ring mail of Heresy {rElec Dex+3}
 53567 | Depths:2 | Reached skill level 15 in Dodging
 53800 | Depths:2 | Noticed a caustic shrike
 53800 | Depths:2 | Noticed a golden dragon
 53801 | Depths:2 | Noticed a caustic shrike
 53808 | Depths:2 | Noticed a caustic shrike
 53810 | Depths:2 | Noticed a caustic shrike
 53971 | Depths:2 | Killed a caustic shrike
 53972 | Depths:2 | Killed a caustic shrike
 54376 | Depths:2 | Killed a caustic shrike
 54422 | Depths:2 | Killed a caustic shrike
 54480 | Depths:2 | Killed a golden dragon
 54853 | Depths:3 | Noticed a juggernaut
 55093 | Depths:3 | Noticed a juggernaut
 55106 | Depths:3 | Killed a juggernaut
 55316 | Depths:3 | Noticed a golden dragon
 55319 | Depths:3 | Reached XP level 24. HP: 152/184 MP: 0/0
 56002 | Depths:3 | Killed a golden dragon
 56176 | Depths:3 | Identified the ring of Janaho Pedor {Fly rPois rF++ Will-
                  | rCorr}
 56480 | Depths:3 | Identified the +1 leather armour "Irchasopn" {Rampage rF-
                  | Dex+5}
 56713 | Depths:3 | Noticed a juggernaut
 56913 | Depths:3 | Reached skill level 21 in Spellcasting
 57010 | Depths:3 | Found a one-way gate to the infinite horrors of the Abyss.
 57040 | Depths:3 | Killed a juggernaut
 57070 | Depths:3 | Identified the +1 leather armour of Lesser Demons {rElec
                  | rPois Regen+ Int-4}
 57113 | Depths:3 | Identified the ring "Fafroz" {rF+ Str+2 Int+6}
 57273 | Depths:3 | Killed a juggernaut
 57752 | Depths:4 | Entered Level 4 of the Depths
 57958 | Depths:4 | Reached skill level 15 in Armour
 58381 | Depths:4 | Noticed Boris
 58394 | Depths:4 | Killed Boris
 58446 | Depths:4 | Reached XP level 25. HP: 130/191 MP: 0/0
 58446 | Depths:4 | Learned a level 9 spell: Death's Door
 59000 | Depths:4 | Found a gate to the Realm of Zot.
 59759 | Crypt:1  | Entered Level 1 of the Crypt
 60051 | Crypt:1  | Noticed Bai Suzhen
 60061 | Crypt:1  | Killed Bai Suzhen
 61199 | Crypt:1  | Noticed Ciwiv's ghost (veteran FoFi)
 61322 | Crypt:1  | Found a transporter.
 61322 | Crypt:1  | Found a transporter.
 61542 | Crypt:2  | Noticed Boris
 61549 | Crypt:2  | Killed Boris
 61663 | Crypt:2  | Noticed an ancient lich
 61676 | Crypt:2  | Killed an ancient lich
 62166 | Crypt:2  | Noticed an ancient lich
 62325 | Crypt:2  | Killed an ancient lich
 63218 | Crypt:3  | Entered Level 3 of the Crypt
 63223 | Crypt:3  | Reached XP level 26. HP: 181/202 MP: 0/0
 63558 | Crypt:3  | Reached skill level 22 in Spellcasting
 64341 | Crypt:3  | Identified the +4 hunting sling "Kailin" {speed, rPois rF+
                  | rN+}
 65063 | Crypt:3  | Found a staircase to the Tomb.
 65939 | D:13     | Killed qdestroyer's ghost
 66214 | D:2      | Killed Crazy Yiuf
 66431 | D:6      | Killed trickyswaf's ghost
 67029 | Vaults:3 | Noticed Margery
 67055 | Vaults:3 | Noticed Jory
 67713 | Vaults:3 | Killed Margery
 67721 | Vaults:3 | Reached XP level 27. HP: 153/211 MP: 0/0
 67721 | Vaults:3 | Learned a level 9 spell: Dragon's Call
 68300 | Vaults:3 | Killed Jory
 68823 | Vaults:4 | Reached skill level 23 in Spellcasting
 68960 | Vaults:4 | Identified the +1 chain mail "Bidalu" {*Corrode rN++}
 69899 | Vaults:5 | Entered Level 5 of the Vaults
 69912 | Vaults:5 | Noticed Mennas
 69930 | Vaults:5 | Killed Mennas
 70528 | Vaults:5 | Noticed a dread lich
 70529 | Vaults:5 | Killed a dread lich
 70816 | Vaults:5 | Reached skill level 24 in Spellcasting
 71472 | Vaults:5 | Found Jerihaol's Book Shoppe.
 71484 | Vaults:5 | Got a silver rune of Zot
 71556 | Vaults:5 | Identified the +3 ring mail "Kuroimn" {rF+ rC+ Stlth+}
 72485 | Tomb:1   | Entered Level 1 of the Tomb of the Ancients
 72855 | Tomb:1   | Noticed Frederick
 72860 | Tomb:1   | Killed Frederick
 73283 | Tomb:1   | Noticed a royal mummy
 73290 | Tomb:1   | Killed a royal mummy
 74005 | Tomb:2   | Noticed a royal mummy
 74005 | Tomb:2   | Noticed a royal mummy
 74005 | Tomb:2   | Noticed a royal mummy
 74006 | Tomb:2   | Noticed a royal mummy
 74012 | Tomb:2   | Killed a royal mummy
 74019 | Tomb:2   | HP: 1/215 [royal mummy/divine providence (13)]
 74019 | Tomb:2   | Demolished by a death scarab

Illustrated notes

Levels and vault maps discovered:
D:1:      tarquinn_simple_flora_water_b, layout_loops_ring
D:2:      layout_loops_ring, basic_ecumenical_altar, guppyfry_early_lair_pool,
          uniq_crazy_yiuf_cottage
D:3:      wad_lake_hut, layout_basic, nzn_wu_jian_council_hall,
          chequers_serial_rivers_small_3, minmay_misc_feat_diagonals,
          uniq_sigmund
D:4:      layout_basic, uniq_duvessa
D:5:      layout_loops_ring, uniq_ijyb, uniq_grinder
D:6:      layout_cave_pools, minmay_temple_entry_waves,
          gammafunk_ghost_abyssal_escape
D:7:      layout_cave_pools, enter_bailey_7
D:8:      layout_layer_cave, uniq_joseph
D:9:      layout_irregular_city, mainiacjoe_overflow_surrounded_room,
          dpeg_oklobed_lair
D:10:     layout_roguey, nicolae_ashenzari_skybound
D:11:     layout_stronghold, david_orc_3, hangedman_decor_slide_cut
D:12:     layout_roguey, nicolae_hepliaklqana_hazy_memory, uniq_snorg,
          uniq_azrael
D:13:     wad_cavern_with_rooms, layout_grid_maze,
          gammafunk_ghost_nasty_kobolds,
          nicolae_uskayaw_murder_on_the_dancefloor
D:14:     layout_loops_corners, lightli_vaults_fourway_checkpoint,
          serial_bayou_shore_a, serial_ice, serial_ice_l, serial_ice_g,
          serial_ice_f, serial_ice_c, serial_ice_e, serial_ice_n, serial_ice_a,
          serial_ice_b, nicolae_shop_fire_sale [nicolae_sub_dead_trees]
D:15:     grunt_enter_depths_magical_seal, layout_long_grid,
          portal_ice_cave_entry_frozen_things
Temple:   mainiacjoe_temple_bowtie_tessellation
Lair:1:   layout_cave_pods, infiniplex_staircase_pool, grunt_megastairs_1
Lair:2:   layout_roguey, hellmonk_spider_entry_life_and_decay
Lair:3:   layout_regular_city, skrybe_swamp_entry_bodies, basic_altar,
          grunt_megastairs_2, infiniplex_staircase_pool_2, uniq_nergalle
Lair:4:   layout_loops_ring
Lair:5:   layout_concentric_octagons, dpeg_slime_entry_enclosed_altar
Lair:6:   guppyfry_lair_end_dragon, layout_gridlike,
          hangedman_lair_caniforms_friends, hibernation_bobbens, uniq_urug,
          uniq_sonja
Swamp:1:  layout_basic_swamp, evilmike_swamp_ruin_rubble_1, uniq_roxanne
Swamp:2:  layout_basic_swamp, evilmike_swamp_ruin_rubble_2
Swamp:3:  cheibrodos_swamp_tower_of_moss, layout_basic_swamp,
          evilmike_swamp_ruin_house_2, uniq_donald
Swamp:4:  grunt_swamp_rune_castle, layout_basic_swamp, swamp_pool3,
          hangedman_swamp_blocks
Spider:1: layout_spider_delve, hangedman_spider_tarantella_strand
Spider:2: layout_spider_delve, nicolae_spider_circle_web, uniq_arachne
Spider:3: layout_spider_delve, uniq_kirke
Spider:4: spider_rune_water
Orc:1:    layout_caves, serial_shops, nicolae_shop_bloodbath_and_beyond,
          basic_altar, minmay_orc_temple_b
Orc:2:    grunt_orc_tribal_feast, layout_caves, uniq_nessos
Elf:1:    elf_arrival_001, layout_gridlike, kennysheep_underground_church,
          evilmike_minifort
Elf:2:    nicolae_elf_blades_crystal_corner, layout_onion_city, basic_altar,
          nicolae_elf_martial_mastery
Elf:3:    minmay_elf_hall_dome, layout_onion_city, st_stairs_11
Vaults:1: grunt_vaults_focal, v_pattern_1, vaults_standard_mumra_x,
          vaults_room_fours, ontoclasm_vaults_tryst, v_misc_3,
          vaults_room_stairs_pillars, grunt_vaults_hallway_short,
          vaults_room_stairs_pillars, nicolae_vaults_rhombus_7,
          ontoclasm_vaults_decontamination, nicolae_vaults_little_squares_6,
          serial_ice_m, layout_vaults_big_room, serial_shops, nicolae_shop_stone
Vaults:2: hangedman_vaults_stitches, ontoclasm_vaults_gateway,
          vaults_mumra_chevron, v_rooms_5, v_misc_18,
          nicolae_vaults_mini_display_case, v_misc_26,
          minmay_crypt_entry_simple_walls, vaults_dpeg_ring,
          ontoclasm_vaults_chip, layout_vaults_omnigrid, uniq_boris
Vaults:3: hangedman_vaults_pinch, hangedman_vaults_hat, v_pattern_4,
          ontoclasm_vaults_idyll, grunt_vaults_diagonal, ontoclasm_vaults_fault,
          v_rooms_3, ontoclasm_vaults_bender, hangedman_vaults_river_flow,
          vaults_room_corners, v_misc_15, ontoclasm_vaults_misaligned,
          vaults_dpeg_hooks, nicolae_vaults_theta, vaults_room_grid,
          vaults_room_semicircle, layout_vaults_omnibox, uniq_margery, uniq_jory
Vaults:4: serial_ice_m, nicolae_vaults_little_squares_5, hangedman_vaults_slice,
          hangedman_vaults_nodes, nicolae_vaults_little_squares_4,
          nicolae_vaults_little_squares_6, nicolae_vaults_alarming,
          nicolae_vaults_what_the_h, ontoclasm_vaults_eye,
          hangedman_vaults_nails, v_misc_23, ontoclasm_vaults_idyll,
          nicolae_vaults_gold_heap, vaults_room_stairs_pillars,
          layout_vaults_omnicross
Vaults:5: serial_shops, uniq_mennas
Crypt:1:  layout_misc_corridors, nzn_ghost_randoct, uniq_bai_suzhen
Crypt:2:  grunt_deathspiral_small, layout_gridlike
Crypt:3:  church_of_pain_bobbens, layout_chaotic_city,
          nicolae_tomb_entry_unfolded_pyramid_orthogonal
Tomb:1:   uniq_frederick
Tomb:2
Depths:1: layout_honeycomb, elyvilon_altar_4, grunt_mini_vestibule,
          serial_shops, bzr_entry_dummy, grunt_pan_entry_zigzag,
          minmay_misc_feat_square, grunt_decor_arrowhead, drop_trap,
          minmay_misc_feat_tiny, grunt_tower_of_power
Depths:2: grunt_twisty_corner, layout_cross, enter_ziggurat_e, pan_entry,
          hangedman_geh_valley, kiku_gazebo_pond_becter, serial_shops,
          nicolae_shop_statue_plus, minmay_staircase_statues,
          serial_bayou_shore_b
Depths:3: box_level_dp, abyss_entry, hell_entry
Depths:4: grunt_zot_entry_bicorn, layout_cave_shapes,
          hangedman_tar_grid_catacomb

Skill      XL: |  1  2  3  4  5  6  7  8  9 10 11 12 13 14 15 16 17 18 19 20 21 22 23 24 25 26 27 |
---------------+----------------------------------------------------------------------------------+-----
Stealth        | 2 |  2.0
Fighting       | 1 2 3 4 5 7 8 10 11 12 13 14 15 16 17 18 19 20 21 23 | 23.2
Spellcasting   | 4 5 6 7 8 10 11 13 14 15 16 17 18 19 20 21 22 24 | 24.4
Dodging        | 3 5 7 9 10 11 12 14 15 17 18 19 21 | 21.4
Armour         | 4 6 8 11 12 13 14 15 | 15.2
Shields        | 4 6 7 8 9 10 11 12 | 12.6
Unarmed Combat | 9 10 11 12 13 | 13.8

Action                   |  1- 3 |  4- 6 |  7- 9 | 10-12 | 13-15 | 16-18 | 19-21 | 22-24 | 25-27 || total
-------------------------+-------+-------+-------+-------+-------+-------+-------+-------+-------++-------
Melee: Staff             |       |       |       |       |     1 |     1 |       |       |     6 ||     8
       Unarmed           |       |       |       |       |       |       |    24 |     3 |     3 ||    30
       Tailslap          |       |       |       |       |       |       |     5 |       |     2 ||     7
       Bite              |       |       |       |       |       |       |     1 |       |       ||     1
       Punch             |       |       |       |       |       |       |       |       |     1 ||     1
 Cast: Magic Dart        |    65 |    99 |    53 |    10 |     4 |     2 |       |       |       ||   233
       Searing Ray       |       |    10 |    36 |    29 |    66 |    28 |     7 |       |     5 ||   181
       Fulminant Prism   |       |       |    45 |   133 |   171 |    17 |       |       |       ||   366
       Dazzling Flash    |       |       |     1 |       |       |       |       |       |       ||     1
       Iskenderun's Myst |       |       |    16 |    59 |   113 |    54 |    27 |    17 |    16 ||   302
       Summon Forest     |       |       |       |       |    62 |    77 |    57 |    63 |    53 ||   312
       Agony             |       |       |       |       |     3 |       |       |       |       ||     3
       Conjure Flame     |       |       |       |       |     2 |     1 |       |       |       ||     3
       Summon Cactus Gia |       |       |       |       |    42 |   127 |   107 |   101 |    41 ||   418
       Haunt             |       |       |       |       |       |   228 |   390 |   484 |   214 ||  1316
       Dragon Form       |       |       |       |       |       |       |    14 |    11 |     4 ||    29
       Discord           |       |       |       |       |       |       |     9 |     4 |    10 ||    23
       Lehudib's Crystal |       |       |       |       |       |       |       |    52 |   380 ||   432
       Dragon's Call     |       |       |       |       |       |       |       |       |    24 ||    24
Invok: Call Merchant     |       |       |       |       |     4 |       |       |       |       ||     4
 Abil: Evoke the Staff o |       |       |       |       |       |     8 |     2 |     2 |       ||    12
       Breathe Fire      |       |       |       |       |       |       |     6 |     1 |     1 ||     8
       End Transformatio |       |       |       |       |       |       |     1 |       |       ||     1
Evoke: Wand              |       |       |       |     2 |     1 |       |       |       |       ||     3
       Box of beasts     |       |       |       |       |     1 |     1 |       |       |       ||     2
       Phantom mirror    |       |       |       |       |       |       |     1 |       |       ||     1
       Condenser vane    |       |       |       |       |       |       |       |       |     1 ||     1
  Use: Scroll            |       |       |       |     9 |    20 |     5 |     4 |     6 |     3 ||    47
       Potion            |       |       |       |       |     4 |     1 |       |     1 |    12 ||    18
Armor: Robe              |     2 |       |     3 |     5 |       |       |       |       |       ||    10
       Ring mail         |       |       |       |       |    34 |    25 |       |       |       ||    59
       Scale mail        |       |       |       |       |       |    10 |    17 |    19 |     4 ||    50
       Skin              |       |       |       |       |       |       |    11 |     1 |     2 ||    14
       Pearl dragon scal |       |       |       |       |       |       |       |       |    46 ||    46
Dodge: Dodged            |     6 |     6 |    13 |    16 |    57 |    44 |    33 |    58 |   126 ||   359
Block: Buckler           |       |       |       |     1 |    42 |    60 |    30 |    18 |    96 ||   247
       Reflection        |       |       |       |       |       |     1 |    17 |     1 |    14 ||    33
       Other             |       |       |       |       |       |       |     8 |     2 |     1 ||    11
